 Dungeon Crawl Stone Soup version 0.19-a0-1402-g0c1e9a7 (webtiles) character file.

90 Lindan9 the Shield-Bearer (level 4, -1/36 HPs)
             Began as a Formicid Fighter on Sept 4, 2016.
             Was an Initiate of Qazlal.
             Slain by LogicNinja's ghost (4 damage)
             ... on level 3 of the Dungeon.
             The game lasted 00:04:12 (1563 turns).

Lindan9 the Shield-Bearer (Formicid Fighter)        Turns: 1563, Time: 00:04:12

Health: -1/36      AC:  9    Str: 21    XL:     4   Next: 85%
Magic:  4/4        EV:  6    Int:  8    God:    Qazlal [......]
Gold:   130        SH:  9    Dex: 10    Spells: 0 memorised, 3 levels left

rFire  x . .     SeeInvis +     p - +0 flail
rCold  + . .     Gourm    .     m - +0 chain mail
rNeg   . . .     Faith    .     c - +0 shield
rPois  .         Spirit   .     (helmet unavailable)
rElec  .         Dismiss  .     (no cloak)
rCorr  .         Reflect  .     (no gloves)
MR     .....     Harm     .     (no boots)
Stlth  ..........               (no amulet)
                                (no ring)
                                h - ring of ice

@: no status effects
A: permanent stasis, dig shafts and tunnels, four strong arms, antennae 3
a: Dig, Shaft Self, Renounce Religion


You were on level 3 of the Dungeon.
You worshipped Qazlal.
Qazlal was noncommittal.
You were not hungry.

You visited 1 branch of the dungeon, and saw 3 of its levels.

You collected 130 gold pieces.

Inventory:

Hand Weapons
 a - a +0 flail
 f - a +0 flail
 p - a +0 flail (weapon)
Armour
 b - a +0 scale mail
 c - a +0 shield (worn)
 m - a +0 chain mail (worn)
Jewellery
 h - a ring of ice (left hand)
 n - an uncursed ring of protection from fire {unknown}
 q - an uncursed ring of stealth {unknown}
Scrolls
 e - 5 scrolls of identify {unknown}
 j - 2 scrolls of amnesia {unknown}
Potions
 d - a potion of might
 g - a potion of berserk rage {unknown}
 i - a potion of mutation {unknown}
 k - 2 potions of cancellation {unknown}
 l - a potion of heal wounds {unknown}
Comestibles
 o - a meat ration


   Skills:
 + Level 3.6 Fighting
 + Level 2.8 Maces & Flails
 + Level 4.1 Armour
 + Level 1.0 Dodging
 + Level 4.3 Shields


You had 3 spell levels left.
You didn't know any spells.

Dungeon Overview and Level Annotations

Branches:
Dungeon (3/15)

Altars:
Qazlal

Annotations:
D:3 LogicNinja's ghost, amateur NaCj


Innate Abilities, Weirdness & Mutations

You are under a permanent stasis effect.
You can dig through walls and to a lower floor.
Your four strong arms can wield two-handed weapons with a shield.
You have a pair of large antennae on your head. (SInv)


Message History

You block the kobold's attack. LogicNinja's ghost barely misses you.
There are monsters nearby!
The kobold hits you with a club.
* * * LOW HITPOINT WARNING * * *
Your chain mail prevents you from hitting the kobold.
You block the kobold's attack.
LogicNinja's ghost hits you but does no damage.
You closely miss the kobold. The kobold barely misses you.
LogicNinja's ghost hits you but does no damage.
You closely miss the kobold. The kobold barely misses you.
LogicNinja's ghost hits you.
* * * LOW HITPOINT WARNING * * *
You hit the kobold.
You kill the kobold!
Qazlal accepts your kill.
LogicNinja's ghost whispers, "They're coming for you..."
LogicNinja's ghost casts a spell at you.
The magic dart hits you! LogicNinja's ghost hits you.
You die...

###### ...... { #.##.#
.# #.##.# .# #.##.#
#.# # #.##.# #.#
#..########.##(# #.#
#..............#####.#
.#..@.............#
#.##W##.#######..# #
#.$...# #..# ##.####
#..# #.# #..# #.#
#..### ... #..... #.#
#..... #.# ######


You could see LogicNinja's ghost.

Vanquished Creatures
  3 gnolls (D:2)
  An adder (D:2)
  A worm (D:2)
  2 dart slugs
  4 giant geckos
  2 giant cockroaches (D:2)
  2 goblins (D:1)
  5 hobgoblins
  2 jackals (D:1)
  4 kobolds
  A quokka (D:2)
  7 bats
  3 giant newts
  6 rats
43 creatures vanquished.

Notes
Turn   | Place    | Note
-------+----------+-------------------------------------------
     0 | D:1      | Lindan9 the Formicid Fighter began the quest for the Orb.
     0 | D:1      | Reached XP level 1. HP: 18/18 MP: 1/1
    86 | D:1      | Reached XP level 2. HP: 24/24 MP: 2/2
   492 | D:1      | Reached XP level 3. HP: 29/29 MP: 3/3
  1024 | D:2      | Found a stormy altar of Qazlal.
  1031 | D:2      | Became a worshipper of Qazlal Stormbringer
  1123 | D:2      | Reached XP level 4. HP: 28/35 MP: 4/4
  1245 | D:2      | Reached skill level 1 in Dodging
  1548 | D:3      | Noticed LogicNinja's ghost (amateur NaCj)
  1563 | D:3      | Slain by LogicNinja's ghost

Vault maps used:
D:1:      sevenhm_arrival_forest_fort_large_2
D:2:      grunt_qazlal_clouds

Skill      XL: |  1  2  3  4 |
---------------+-------------+-----
Shields        | 4 |  4.3
Armour         | 4 |  4.1
Dodging        | 1 |  1.0
Fighting       | |  3.6
Maces & Flails | |  2.8

Action                   |  1- 3 |  4- 6 || total
-------------------------+-------+-------++-------
Melee: Flail             |   109 |    55 ||   164
 Abil: Dig               |     1 |       ||     1
  Eat: Bread ration      |     1 |       ||     1
Armor: Scale mail        |    32 |       ||    32
       Chain mail        |    36 |    24 ||    60
Dodge: Dodged            |    31 |    13 ||    44
Block: Shield            |    64 |    33 ||    97
